 Dungeon Crawl Stone Soup version 0.29-a0-330-g52719c12eb (webtiles) character file.

Game seed: 146540824856850535

0 Aelig the Insei (level 1, -1/17 HPs)
             Began as a Djinni Transmuter on May 18, 2022.
             Frozen to death by an endoplasm (4 damage)
             ... on level 1 of the Dungeon.
             The game lasted 00:00:25 (35 turns).

Aelig the Insei (Djinni Transmuter)                   Turns: 35, Time: 00:00:26

Health: -1/17      AC:  2    Str:  9    XL:     1   Next: 11%
Gold:   16         EV: 12    Int: 14    God:
                   SH:  0    Dex: 13

rFire   + + .      SeeInvis .     - Unarmed
rCold   x . .      Faith    .   (no shield)
rNeg    . . .      Spirit   .   a - +0 robe
rPois   ∞          Reflect  .   (helmet currently unavailable)
rElec   .          Harm     .   (no cloak)
rCorr   .          Rampage  .   (no gloves)
Will    .....                   (boots unavailable)
Stlth   +.........              (no amulet)
HPRegen 0.05/turn               (no ring)
MPRegen 0.00/turn               (no ring)

@: appendages (expiring), flying
A: horns 2, flying, sickness immunity, fire resistance 2, cold vulnerability 1,
float, innate caster, HP casting, extra vitality 1
a: End Transformation


You were on level 1 of the Dungeon.
You had temporarily grown beastly horns.
You visited 1 branch of the dungeon, and saw 1 of its levels.

You collected 16 gold pieces.

Inventory:

Armour
 a - a +0 robe (worn)
Potions
 b - a potion of lignification


   Skills:
 - Level 1.0 Fighting
 - Level 2.1 Dodging
 * Level 3.0 Unarmed Combat
 + Level 1.5 Spellcasting


You couldn't memorise any spells.
You knew the following spells:

 Your Spells              Type           Power      Damage    Failure   Level
a - Beastly Appendage     Tmut           10%        N/A       13%         1
b - Wereblood             Tmut           5%         N/A       21%         2
c - Spider Form           Tmut/Pois      5%         N/A       36%         3
d - Ice Form              Ice/Tmut       5%         N/A       78%         4
Your spell library was empty.

Dungeon Overview and Level Annotations

Branches:
Dungeon (1/15)

Altars:


Innate Abilities, Weirdness & Mutations

You have temporarily grown beastly horns.
You are flying.
You are immune to sickness and miasma.
You are immune to poison.
Your flesh is very heat resistant. (rF++)
You are vulnerable to cold. (rC-)
You float through the air rather than walking.
You learn spells naturally, not from books.
Your magical power is your life essence.
You have superior vitality. (+4 MHP)


Message History

Welcome, Aelig the Djinni Transmuter.
It is said that the Orb of Zot exists deep within this dungeon.
Press ? for a list of commands and other information.
Found two stairs.
You begin with the following spells memorised: Beastly Appendage, Wereblood, Spider Form, Ice Form.
You now have 12 gold pieces.
An endoplasm and a rat come into view.
Cast which spell? (? or * to list)
You grow a pair of large bovine horns.
The rat bites you but does no damage.
You closely miss the rat. You hit the rat.
You kill the rat!
You start resting.
Your transformation is almost over.
HP restored.
The endoplasm quivers.
You now have 16 gold pieces (gained 4).
Casting: Beastly Appendage (safe; 13% risk of failure)
Confirm with . or Enter, or press ? or * to list all spells.
You extend your transformation's duration.
Your transformation is almost over.
You hit the endoplasm.
The endoplasm is heavily wounded.
The endoplasm freezes you.
You are frozen.
You feel a terrible chill!
You hit the endoplasm but do no damage.
The endoplasm is heavily wounded.
The endoplasm freezes you.
You are frozen!
You feel a terrible chill!
* * * LOW HITPOINT WARNING * * *
You hit the endoplasm.
The endoplasm is severely wounded.
The endoplasm freezes you.
You are frozen.
You feel a terrible chill!
You die...

..# .# #.# .# #.##.####
......... ...#..#.##
#.....P.P ............##
#..PP..♣
.≈≈≈.≈≈≈≈≈≈..###.J..P♣
≈≈≈≈≈.≈≈≈≈≈≈..##@P♣♣♣
≈≈≈≈≈.≈≈≈≈≈≈≈..#..P.♣♣ P♣
≈8≈≈.≈≈≈≈≈8≈≈≈.#....P♣♣P.♣P.
≈≈≈.≈≈≈≈≈≈≈≈≈≈.........P.PP#
≈≈≈.≈≈≈≈≈≈≈≈≈≈...........#
≈≈≈.≈≈≈≈≈≈≈≈≈≈....########
≈≈≈≈..<≈≈≈≈≈≈≈.#..#
≈≈≈≈≈>..≈≈≈≈≈≈.#..#
≈≈≈≈≈≈≈≈.≈≈≈≈≈.#..#


You could see an endoplasm.

Vanquished Creatures
  A rat (D:1)
1 creature vanquished.

Notes
Turn   | Place    | Note
-------+----------+-------------------------------------------
     0 | D:1      | Aelig the Djinni Transmuter began the quest for the Orb.
     0 | D:1      | Reached XP level 1. HP: 17/17 MP: 0/0
    35 | D:1      | Frozen to death by an endoplasm

Illustrated notes

Levels and vault maps discovered:
D:1:      nzn_arrival_water_spiral, layout_basic, serial_forest,
          infiniplex_forest_clump_long, infiniplex_forest_lined_1,
          infiniplex_forest_end_2, infiniplex_forest_lined_corner,
          infiniplex_forest_lined_2, hellmonk_ecumenical_altar_inner_sanctum,
          minmay_pentomino_q4

Action                   || total
-------------------------++-------
Melee: Unarmed           ||     5
 Cast: Beastly Appendage ||     2
Armor: Robe              ||     1

Table legend: (Time is in decaauts)
 A = Elapsed time spent in this place.
 B = Non-inter-level travel time spent in this place.
 C = Inter-level travel time spent in this place.
 D = Time resting spent in this place.
 E = Time spent auto-exploring this place.
 F = Levels seen in this place.
 G = Mean time per level.
                   A        B        C        D        E       F      G
               +--------+--------+--------+--------+--------+-----+--------+
         Total |     34 |     34 |      0 |      4 |      9 |   1 |   34.0 |
       Dungeon |     34 |     34 |      0 |      4 |      9 |   1 |   34.0 |
               +--------+--------+--------+--------+--------+-----+--------+

Top non-repeatable levels by time:
     D:1: 34 daAuts
